Cogmind - Beta 14 @@@ ROGUE MODE // 2024.12.07 @ 01:34:36 Player: GordnCZ Result: Destroyed by D-53 Grenadier with Mini Grenade Launcher Performance ------------- Evolutions (0) 0 Regions Visited (2) 400 Robots Destroyed (27) 135 Value Destroyed (746) 746 Prototype IDs (0) 0 Alien Tech Used (0) 0 Bonus (0) 0 TOTAL SCORE: 1281 Bonus ------- None Cogmind --------- Core Integrity 0/250 Matter 210/300 Energy 99/100 System Corruption 0% Temperature Cool (0) Movement Core (350) Ox6 Location -10/Mines Parts ------- > --- POWER (1) -------- (None) > --- PROPULSION (2) --- (None) > --- UTILITY (2) ------ Large Storage Unit Signal Interpreter > --- WEAPON (2) ------- (None) > --- INVENTORY (15) --- Heat Sink Peak State ------------ > --- POWER ------------ Ion Engine > --- PROPULSION ------- Wheel Wheel > --- UTILITY ---------- Heat Sink High-capacity Battery > --- WEAPON ----------- Assault Rifle Grenade Launcher > --- INVENTORY -------- (None) [Rating: 7] Favorites ----------- Power Light Ion Engine Engine Light Ion Engine Propulsion Light Treads Treads Light Treads Leg Aluminum Leg Wheel Wheel Utility Signal Interpreter Device Heat Sink Storage Large Storage Unit Processor Signal Interpreter Weapon Medium Laser Energy Gun Medium Laser Ballistic Gun Assault Rifle Ballistic Cannon Light Cannon Launcher Grenade Launcher Build | -11 -10 -10 ------- Run | Yrd Mat Min Slots Evolved . | . . . Power . | . . . Propulsion . | . . . Utility . | . . . Weapon . | . . . Parts Attached 27 | 10 15 2 Power 5 | 1 2 2 Engine 5 | 1 2 2 Core . | . . . Reactor . | . . . Propulsion 7 | 5 2 . Treads 2 | . 2 . Leg 2 | 2 . . Wheel 3 | 3 . . Hover . | . . . Flight . | . . . Utility 6 | . 6 . Device 3 | . 3 . Storage 2 | . 2 . Processor 1 | . 1 . Hackware . | . . . Protection . | . . . Artifact . | . . . Weapon 9 | 4 5 . Energy Gun 2 | 1 1 . Energy Cannon . | . . . Ballistic Gun 5 | 3 2 . Ballistic Cannon 1 | . 1 . Launcher 1 | . 1 . Special Weapon . | . . . Impact Weapon . | . . . Slashing Weapon . | . . . Piercing Weapon . | . . . Special Melee Weapon . | . . . Unidentified Prototypes . | . . . Parts Lost 6 | . 1 5 Power 3 | . 1 2 Propulsion 2 | . . 2 Utility . | . . . Weapon 1 | . . 1 Highest Loss Streak 5 | . 1 5 To Critical Strikes . | . . . Average Slot Usage (%) 89 | . 91 82 Engine 13 | . 13 13 Treads 17 | . 15 26 Wheel 10 | . 12 . Device 8 | . 9 . Storage 4 | . 2 14 Processor 10 | . 9 14 Energy Gun 6 | . 8 . Ballistic Gun 4 | . 5 . Ballistic Cannon 5 | . 3 13 Launcher 6 | . 8 . Peak Build Rating 7 | 5 7 6 Average Rating 6 | 3 6 5 On Entrance 3 | . 5 6 Naked Turns . | . . . Heaviest Build 29 | 7 29 26 Greatest Support 40 | 20 40 40 Greatest Overweight (x) 7 | . . 7 Average Overweight (x) . | . . . Largest Inventory Capacity 15 | 5 15 15 Average Capacity 8 | 5 6 15 Most Carried 5 | 5 5 2 Average Carried 2 | 2 2 1 Final Capacity 15 | 5 15 15 Final Carried 3 | 3 2 1 Class Distribution -------------------- 100% | Mutant Dominant Class ---------------- Mutant | -10/Materials Mutant | -10/Mines Resources | -11 -10 -10 ----------- Run | Yrd Mat Min Matter Collected 771 | 280 428 63 Remotely . | . . . Salvage Created 831 | 47 740 44 Parts 46 | 4 39 3 Haulers Intercepted 2 | . 2 . Recyclers Shooed 2 | . 2 . Parts Field Recycled . | . . . Retrieved Matter . | . . . Parts Self-Destructed . | . . . Prevented . | . . . Kills | -11 -10 -10 ------- Run | Yrd Mat Min Combat Hostiles Destroyed 17 | 1 14 2 Guns 7 | 1 6 . Cannons 5 | . 3 2 AOE 5 | . 5 . Classes Destroyed 7 | 1 6 . Worker 2 | . 2 . Tunneler 1 | . 1 . Hauler 2 | . 2 . Recycler 2 | . 2 . Operator 2 | . 2 . Watcher 1 | . 1 . Grunt 17 | 1 14 2 Best Kill Streak 8 | 1 8 1 Combat Bots Only 4 | 1 4 1 Max Kills in Single Turn 4 | 1 4 1 Gunslinging . | . . . Exploded 1 | . 1 . Melee . | . . . Uniques/NPCs Destroyed . | . . . Combat | -11 -10 -10 -------- Run | Yrd Mat Min Hostile Shots Fired 105 | 4 86 15 Missed 39 | 1 35 3 Damage Taken 1053 | 33 695 325 Core 273 | . 120 153 Absorbed by Shields . | . . . Regen/Repaired (Parts) 36 | . 36 . Core Remaining (%) 100 | 100 . . Volleys Fired 84 | 3 67 14 Largest 2 | 2 2 1 Hottest 80 | 70 80 35 Shots Fired 130 | 6 110 14 Gun 84 | 6 78 . Cannon 31 | . 17 14 Launcher 15 | . 15 . Special . | . . . Kinetic 80 | 3 63 14 Thermal 35 | 3 32 . Explosive 15 | . 15 . Electromagnetic . | . . . Robot Hit Streak 12 | 3 12 6 Robot Miss Streak 2 | 1 2 1 Penetration Max . | . . . Secondary Targets 1 | . 1 . Max Gunslinging Chain 1 | . 1 . Shots Hit Robots 71 | 4 56 11 Core Hits 48 | 2 44 2 Critical Kills . | . . . Critical Parts Destroyed . | . . . Critical Strikes 4 | 1 2 1 Burn 2 | 1 1 . Blast 2 | . 1 1 Melee Attacks . | . . . Impact . | . . . Slashing . | . . . Piercing . | . . . Sneak Attacks . | . . . Combat Hostiles . | . . . Follow-up Attacks . | . . . Damage Inflicted 1656 | 51 1411 194 Guns 661 | 51 610 . Cannons 320 | . 126 194 Explosions 675 | . 675 . Melee . | . . . Ramming . | . . . Kinetic 757 | 38 525 194 Thermal 224 | 13 211 . Explosive 675 | . 675 . Electromagnetic . | . . . Impact . | . . . Slashing . | . . . Piercing . | . . . Highest Corruption . | . . . Average Corruption . | . . . Corruption Purged . | . . . Corruption Blocked . | . . . Overload Shots . | . . . Overflow Damage 16 | . . 16 Projectiles 16 | . . 16 Explosions . | . . . Melee . | . . . Knockbacks 2 | . 1 1 Impact . | . . . Kinetic 2 | . 1 1 Secondary . | . . . Self-Inflicted Damage 65 | . 65 . Shots 3 | . 3 . Rammed . | . . . Targets Rammed . | . . . Kicked . | . . . Crushed . | . . . Highest Temperature 84 | 33 84 12 Average Temperature 19 | 19 22 6 Received Heat Transfer 459 | 18 369 72 Siege Activations . | . . . Robots Corrupted . | . . . Combat Hostiles . | . . . Parts Fried . | . . . Impact Corruptions . | . . . Robots Melted . | . . . Combat Hostiles . | . . . Parts Melted 2 | . 2 . Heat Transferred 814 | 111 703 . Parts Sabotaged . | . . . Parts Stolen . | . . . Parts Stripped . | . . . Power Chain Reactions . | . . . Alert | -11 -10 -10 ------- Run | Yrd Mat Min Peak Influence 379 | 20 379 110 Initial 60 | . 13 60 Average 130 | 5 160 76 Maximum Alert Level 1 | . 1 . Low Security (%) 76 | 100 68 100 Level 1 23 | . 31 . Level 2 . | . . . Level 3 . | . . . Level 4 . | . . . Level 5 . | . . . High Security . | . . . Max Security . | . . . Squads Dispatched 5 | . 5 . Investigation 3 | . 3 . Extermination . | . . . Reinforcement 2 | . 2 . Assault . | . . . Garrison . | . . . Intercept . | . . . Searches Triggered . | . . . Construction Impeded . | . . . Haulers Reinforced . | . . . Active Scanning Responses . | . . . Cargo Convoy Interrupts . | . . . Stealth | -11 -10 -10 --------- Run | Yrd Mat Min Distress Signals 3 | . 3 . Communications Jammed . | . . . Distress Signals . | . . . Times Spotted 33 | 1 25 7 Peak Tracking Total 4 | 1 4 4 Tactical Retreats 2 | . 2 . Traps | -11 -10 -10 ------- Run | Yrd Mat Min Traps Triggered 1 | . 1 . Indirectly . | . . . Trap Hack Attempts . | . . . Triggered . | . . . Disarmed 6 | . 6 . Reprogrammed . | . . . Reused . | . . . Traps Extracted . | . . . Installed . | . . . Triggered . | . . . Machines | -11 -10 -10 ---------- Run | Yrd Mat Min Machines Disabled 3 | . 3 . Max in Single Turn 1 | . 1 . Machines Repaired . | . . . Machines Dismantled . | . . . Machines Sabotaged . | . . . Overloaded Fab Kills . | . . . Hacking | -11 -10 -10 --------- Run | Yrd Mat Min Machines Accessed 5 | . 5 . Terminals 4 | . 4 . Fabricators . | . . . Repair Stations 1 | . 1 . Recycling Units . | . . . Scanalyzers . | . . . Garrison Access . | . . . Total Hacks 23 | . 23 . Successful 15 | . 15 . Failed 8 | . 8 . Catastrophic 1 | . 1 . Database Lockouts . | . . . Manual . | . . . Terminals 17 | . 17 . Fabricators . | . . . Repair Stations 6 | . 6 . Recycling Units . | . . . Scanalyzers . | . . . Garrison Access . | . . . Terminal Hacks 10 | . 10 . Record 4 | . 4 . Alert Level 2 | . 2 . Unreport Threat 1 | . 1 . Disarm Traps 1 | . 1 . Dispatch Records 1 | . 1 . Zone Layout 1 | . 1 . Fabricator Hacks . | . . . Repair Station Hacks 5 | . 5 . Scan Component 3 | . 3 . Repair 2 | . 2 . Recycling Unit Hacks . | . . . Scanalyzer . | . . . Garrison Access Hacks . | . . . Unauthorized Hacks . | . . . Terminals . | . . . Fabricators . | . . . Repair Stations . | . . . Recycling Units . | . . . Scanalyzers . | . . . Garrison Access . | . . . Data Cores Recovered . | . . . Used . | . . . Hacking Detections 5 | . 5 . Full Trace Events 5 | . 5 . Feedback Events . | . . . Feedback Blocked . | . . . Robot Schematics Acquired . | . . . Robots Built . | . . . Authchips . | . . . Time . | . . . Total Robot Build Rating . | . . . Part Schematics Acquired . | . . . Parts Built . | . . . Authchips . | . . . Time . | . . . Total Part Build Rating . | . . . Parts Repaired 2 | . 2 . Time 52 | . 52 . Parts Recycled . | . . . Recycled Matter . | . . . Retrieved Matter . | . . . Retrieved Components . | . . . Parts Scanalyzed . | . . . Part Schematics Acquired . | . . . Parts Damaged . | . . . Bothacking | -11 -10 -10 ------------ Run | Yrd Mat Min Used RIF Installer . | . . . Robots Hacked . | . . . Non-combat . | . . . Combat . | . . . Robot Hacks Applied . | . . . Relay Couplers Released . | . . . Fabnet Peak Effective % . | . . . Robots Rewired . | . . . Allies Hacked . | . . . Hacks Repelled . | . . . Allies | -11 -10 -10 -------- Run | Yrd Mat Min Total Allies . | . . . Largest Group . | . . . Highest-Rated Group . | . . . Highest-Rated Ally . | . . . Total Orders . | . . . Ally Attacks . | . . . Total Damage . | . . . Kills . | . . . Allies Corrupted . | . . . Allies Melted . | . . . Intel | -11 -10 -10 ------- Run | Yrd Mat Min Robot Analysis Total . | . . . Derelict Logs Recovered 1 | . . 1 Drone Launches . | . . . Drone Recoveries . | . . . Exploration | -11 -10 -10 ------------- Run | Yrd Mat Min Turns Passed 1219 | 129 897 193 Spaces Moved 753 | 94 559 100 Core 25 | 24 . 1 Treads 373 | . 274 99 Legs . | . . . Wheels 355 | 70 285 . Hover . | . . . Flight . | . . . Fastest Speed 50 | 50 80 160 Average Speed 119 | 72 119 162 Slowest Speed 400 | 80 160 400 Overloaded Moves . | . . . Propulsion Burnouts . | . . . Robots Hopped . | . . . Cave-ins Triggered . | . . . Exploration Rate (%) 26 | 6 52 22 Regions Visited 2 Branch Regions 1 Pre-discovered Areas 1 | . . 1 Known Exits Taken 1 | . 1 . Unknown Exits Taken 1 | 1 . . Scrap Searched . | . . . Spaces Dug 8 | . 8 . Terrain Destroyed 72 | . 72 . Melee . | . . . Projectile . | . . . AOE 72 | . 72 . Terrain Rammed . | . . . Walls Destroyed . | . . . Machines Disabled . | . . . Actions | -11 -10 -10 --------- Run | Yrd Mat Min Total 962 | 151 692 119 Wait 41 | 29 10 2 Move 751 | 93 558 100 Hop . | . . . Pick Up 28 | 10 18 . Fast Attach . | . . . Attach 26 | 9 15 2 Detach 14 | 4 9 1 Swap 1 | 1 . . Drop 17 | 2 15 . Fire 84 | 3 67 14 Melee . | . . . Ram . | . . . Kick . | . . . Crush . | . . . Escape Stasis . | . . . Rewire . | . . . Trap . | . . . Miscellaneous . | . . . Route ------- -11/Scrapyard -10/Materials (discovered 4 exits: *Mat x2 / *Min x2) -10/Mines History --------- Turn | Location | Event 2 | -11/Scrapyard | Met Revision 17 65 | -11/Scrapyard | Discovered new exit (range 8) 130 | -11/Scrapyard | Entered Materials 334 | -10/Materials | Build established: Mutant 468 | -10/Materials | Discovered new exit (range 8) 641 | -10/Materials | Discovered new exit (range 12) 676 | -10/Materials | Discovered new exit (range 16) 726 | -10/Materials | Discovered new exit (range 7) 727 | -10/Materials | Identified exit to Mines 907 | -10/Materials | Repaired Ion Engine 933 | -10/Materials | Repaired Grenade Launcher? 1016 | -10/Materials | Identified exit to Materials 1027 | -10/Materials | Entered Mines 1153 | -10/Mines | Core integrity fell below 50% 1183 | -10/Mines | Assembled infested the area 1188 | -10/Mines | Assisted by a Guerilla fighting off Assembled 1190 | -10/Mines | Learned location of Zion (-7) 1219 | -10/Mines | Core integrity fell below 20% 1220 | -10/Mines | Destroyed by D-53 Grenadier with Mini Grenade Launcher Last Messages --------------- been tracking a group of Assembled to figure out where they're coming from, and they're closing on this area, come on!" Acquired derelict log, extracted data. World map updated: -7/Zion. MN-VD8(h): "I'll hold them off! Go on ahead or try to find another way!" Acquired 47 matter. Acquired 7 matter. Acquired 5 matter. C-30 ARC bursts open, deploying its payload. D-53 Grenadier unfolds itself. Lgt. Treads destroyed. Lgt. Cannon destroyed. Lgt. Ion Engine destroyed. Overweight warning: You are carrying more than your current propulsion can efficiently support, which slows movement; see status page ('s') or the top of the parts list for the specific mass vs. support values. K-01 Serf collects debris. Lgt. Ion Engine destroyed. The unstable cave ceiling collapses. [Achievement: First Step to Greatness] Map ----- +----------------------------------------------------+ | ???????????????????????????????????# #?????????? | | ???????????????????????????????????# #?????????? | | ???????????????????????????????????# #?????????? | | ???????????????????????????????????# #?????????? | | ???????????????????????????????????# #?????????? | | ???????????????????????????????????# #?????????? | | ???????????????????????????????????# #?????????? | | ???????????????????????????????????# #?????????? | | ??????????????????????????????????## #?????????? | | ?????????????????????????????????## ##????????? | | ???????????????????#?????????????# #????????? | | ???????????????????? ????????????# #????????? | | ????????????????????? ???????????# #????????? | | ?????????????????????# ?????????## #????????? | | ?????????????????????# ???????## #????????? | | ?????????????????????# #?????## #????????? | | ?????????????????????# "###### ##???????? | | ?????????????????????# ## ##??? | | ?????????????????????# $ #??? | | ?????????????????????########### #??? | | ??????????????????????########### %## ##??? | | ?????????????????????## # ### ##?# #???? | | ????????????????????## #???# #??? | | ??????????????????#### k##%#???? #??? | | ??????????????????# aadd % ## #???? #??? | | ???????????????????# @ ### ???? ##??? | | ???????????????????# #?####???? ##???? | | ???????????????? a # ##?????????###????? | | ???????????? ###??# ##?????????????????? | | ???????????#?????????########??????????????????? | | ???????????????????????????????????????????????? | | ???????????????????????????????????????????????? | | ???????????????????????????????????????????????? | | ???????????????????????????????????????????????? | | ???????????????????????????????????????????????? | | ???????????????????????????????????????????????? | | ???????????????????????????????????????????????? | | ???????????????????????????????????????????????? | | ???????????????????????????????????????????????? | | ???????????????????????????????????????????????? | | ???????????????????????????????????????????????? | | ???????????????????????????????????????????????? | | ???????????????????????????????????????????????? | | ???????????????????????????????????????????????? | | ???????????????????????????????????????????????? | | ???????????????????????????????????????????????? | | ???????????????????????????????????????????????? | | ???????????????????????????????????????????????? | | ???????????????????????????????????????????????? | | | +----------------------------------------------------+ Best States ------------- Heat Dissipation 35 Energy Generation 10 Energy Capacity 250 Matter Stores 300 Matter Capacity 300 Sight Range 16 Terrain Scan Density 10 Evasion (%) 50 Recoil Reduction 2 Item Schematics ----------------- None Robot Schematics ------------------ None Fabricated ------------ Nothing Alien Tech Used ----------------- None Achievements -------------- Crack Shot Everything Is Under Control First Step to Greatness Let's See Who's Tougher Loot Pinata One Hack Too Far Part-time Mechanic Uninvited Guest Challenges ------------ None Game ------ Seed GlidesysPortableTrap Manual? 0 Play Time 00:51:55 Cumulative 0.8 hours Start 2024.12.07 @ 00:34:06 End 2024.12.07 @ 01:34:36 Sessions 3 Manual Loads 0 Difficulty Rogue Special Mode None Game No. 1 Rogue 1 Adventurer 0 Explorer 0 Win Type - Total 0 Types 0/0/0/0/0/0/0/0/0 Lore% 0 Gallery% 1 Achievement% 3 Wizard Run 0 Options --------- Layout 0 ASCII 0 Keyboard 0 Movement Mouse Keybinds 0 Fullscreen 1 Font 36/Smallcaps Map View 76x50 Zoom Use 0% Tactical HUD 0 Map Filters NONE Filters NONE Steam 1 RUN: 68568868-3006-4415-8cf6-6d877e64e0b6